 Dungeon Crawl Stone Soup version 0.19-a0 (webtiles) character file.

8165 Yehuk the Contemplative (level 11, -2/141 HPs)
             Began as a Naga Monk on Apr 27, 2016.
             Was a Priest of Cheibriados.
             Slain by Maud the entropy weaver (6 damage)
             ... on level 10 of the Dungeon.
             The game lasted 01:28:38 (9690 turns).

Yehuk the Contemplative (Naga Monk)                 Turns: 9690, Time: 01:28:39

Health: -2/141     AC: 25    Str: 29    XL:     11   Next: 26%
Magic:  14/17      EV:  1    Int: 18    God:    Cheibriados [***...]
Gold:   663        SH:  0    Dex: 25    Spells: 0 memorised, 20 levels left

rFire  + . .     SeeInvis +     D - +4 whip (elec)
rCold  . . .     Gourm    .     (armour currently unavailable)
rNeg   + + +     Faith    .     (no shield)
rPois  +         Spirit   .     (helmet currently unavailable)
rElec  .         Dismiss  +     (cloak currently unavailable)
rCorr  .         Reflect  .     (gloves currently unavailable)
SustAt .         Harm     .     (no barding)
MR     +....     NoTele   +     t - amulet of dismissal
Stlth  ++++++....               J - ring of protection from fire
                                s - +4 ring of slaying

@: mighty, tree-form, very slow, somewhat resistant to hostile enchantments,
very stealthy
A: (antennae 0), (claws 0), (icy blue scales 0), (iridescent scales 0), see
invisible, (deformed body), low mp 1, mutation resistance 1, (poison
resistance), (slowness 0), slow metabolism 1, spit poison 2, strong 1, AC +3
a: Spit Poison, Bend Time, Temporal Distortion, Renounce Religion


You were on level 10 of the Dungeon.
You worshipped Cheibriados.
Cheibriados was most pleased with you.
You were hungry.
You were a tree.
You visited 2 branches of the dungeon, and saw 11 of its levels.

You collected 663 gold pieces.

Inventory:

Hand Weapons
 D - a +4 whip of electrocution (weapon)
Armour
 c - a +0 pair of gloves (melded)
 e - a +0 cloak (melded)
 H - a +1 leather armour of cold resistance (melded)
 M - a +2 robe of positive energy
Jewellery
 s - a +4 ring of slaying (left branch)
 t - an amulet of dismissal (around neck)
 J - a ring of protection from fire (right branch)
 L - an uncursed amulet of the gourmand
Wands
 N - a wand of polymorph (13/24)
Scrolls
 g - 6 scrolls of remove curse
 k - a scroll of magic mapping {unknown}
 l - 3 scrolls of immolation {unknown}
 m - a scroll of amnesia {unknown}
 r - 6 scrolls of fear {unknown}
 v - 3 scrolls of teleportation {unknown}
 x - a scroll of noise {unknown}
 y - 2 scrolls of enchant armour
 C - a scroll of fog
 G - a scroll of enchant weapon
 I - a scroll of torment
Potions
 h - 2 potions of lignification
 i - a potion of cure mutation
 j - a potion of resistance
 p - a potion of ambrosia
 q - a potion of experience
 w - a potion of brilliance
 z - 2 potions of flight
 E - a potion of might
 K - a potion of mutation
Books
 A - a Grand Grimoire

   Spells                             Type                      Level
   a - Monstrous Menagerie            Summoning                    7
   b - Summon Greater Demon           Summoning                    7
   c - Malign Gateway                 Summoning/Translocation      7
   d - Summon Horrible Things         Summoning                    8
 B - an Akashic Record

   Spells                             Type                      Level
   a - Dispersal                      Translocation                6
   b - Malign Gateway                 Summoning/Translocation      7
   c - Disjunction                    Translocation                8
   d - Controlled Blink               Translocation                8
 F - a Necronomicon

   Spells                             Type                      Level
   a - Haunt                          Necromancy/Summoning         7
   b - Borgnjor's Revivification      Necromancy                   8
   c - Death's Door                   Charms/Necromancy            8
   d - Necromutation                  Transmutation/Necromancy     8
Comestibles
 b - 7 bread rations
 d - 8 fruits
 n - 3 slices of pizza
 o - 7 meat rations
 u - 3 beef jerkies


   Skills:
 - Level 5.0 Fighting
 - Level 4.0 Armour
 + Level 8.6 Dodging
 - Level 7.1 Stealth
 - Level 4.0 Unarmed Combat
 - Level 5.0 Spellcasting
 - Level 11.2 Invocations


You had 20 spell levels left.
You didn't know any spells.

Dungeon Overview and Level Annotations

Branches:
Dungeon (10/15)            Temple (1/1) D:5            Lair (0/8) D:10
    Orc: D:9-12

Altars:
Ashenzari
Cheibriados
Dithmenos
Elyvilon
Fedhas
Gozag
Kikubaaqudgha
Makhleb
Nemelex Xobeh
Okawaru
Pakellas
Qazlal
Ru
Sif Muna
Trog
Vehumet
Xom
Yredelemnul
Zin
The Shining One

Portals:
Trove: D:10 (give wand of heal wounds (9))

Annotations:
D:10 Maud


Innate Abilities, Weirdness & Mutations

You cannot wear boots.
((Your serpentine skin is tough (AC +3).))
You have supernaturally acute eyesight.
((Armour fits poorly on your strangely shaped body.))
((Your system is resistant to poisons.))
((You cover ground very slowly.))
You have a slow metabolism.
You can spit poison.
((You have a pair of small antennae on your head.))
((You have sharp fingernails.))
((You are partially covered in icy blue scales (AC +1).))
((You are partially covered in iridescent scales (AC +4).))
Your magical capacity is low (-10% MP).
You are somewhat resistant to further mutation.
Your muscles are strong. (Str +2)


Message History

Unknown command.
Drink which item? (? for menu, Esc to quit)
Okay, then.
Read which item? (? for menu, Esc to quit)
Okay, then.
Drop what? 38/52 slots (_ for help) (? for menu, Esc to quit)
Okay, then.
Evoke which item? (* to show all) (? for menu, Esc to quit)
Zapping:
N - a wand of polymorph (will waste charges)
Press: ? - help, Shift-Dir - straight line, f/p - Maud
Aim: Maud, wielding an eveningstar of freezing and wearing a plate armour (lightly wounded, slow, chance to defeat MR: 6%) Maud evaporates and reforms as an entropy weaver!
Evoking this partially-identified wand wasted a few charges.
Unknown command.
You hit Maud.
Maud is lightly wounded.
Maud hits you but does no damage. Maud hits you.
* * * LOW HITPOINT WARNING * * *
Maud hits you but does no damage. Maud hits you.
You die...

######## #......#
#####.####.# # #........#.#
#. #.###.##.#.# .. #.#
#......# #. #.# ####.###
...##.#####.# #.# . ..
......p♣....# #.# ...
#####.############.# .#.# #
##+## #...#.# .#.####.#
##...## #.....# .......
##.....## #...### #.#.##
##.......## ##.##
##....####.........####...##
.........'.........'...=...#
##....####.........####....#


You could see Maud the entropy weaver.

Vanquished Creatures
  A vault guard (D:10)
  Fannar (D:10)
  Sonja (D:10)
  A hill giant (D:10)
  Maurice (D:8)
  Psyche (D:10)
  A spriggan (D:7)
  A wyvern (D:8)
  A yak (D:10)
  3 ice beasts
  5 orc warriors
  A water moccasin (D:10)
  2 black bears
  The ghost of Cress the Chopper, an amateur MiBe of Trog (D:3)
  2 phantoms (D:9)
  A necrophage (D:7)
  3 sky beasts
  An ogre (D:8)
  3 centaurs
  A crocodile (D:10)
  A big kobold (D:9)
  4 giant frogs
  10 killer bees
  A vampire bat (D:9)
  5 wights (D:6)
  2 howler monkeys
  A crimson imp (D:6)
  2 centaur zombies
  3 giant frog skeletons
  6 hounds
  A centaur skeleton (D:10)
  10 orc priests
  A gnoll shaman (D:7)
  6 orc wizards
  2 iguanas
  4 worker ants
  A hound zombie (D:7)
  A worker ant zombie (D:6)
  9 gnolls
  14 adders
  3 river rats (D:10)
  2 shadow imps (D:8)
  3 oozes
  3 worms
  A dart slug (D:1)
  A giant gecko (D:7)
  36 orcs
  3 giant cockroaches
  7 goblins
  7 hobgoblins
  6 jackals
  4 quokkas
  3 ball pythons
  25 bats
  A giant gecko skeleton (D:8)
  8 giant newts
  12 kobolds
  13 rats
  2 butterflies (D:5)
256 creatures vanquished.

Vanquished Creatures (others)
  A goblin (D:2)
  15 fungi (D:10)
  18 plants (D:10)
34 creatures vanquished.

Grand Total: 290 creatures vanquished

Notes
Turn   | Place    | Note
--------------------------------------------------------------
     0 | D:1      | Yehuk the Naga Monk began the quest for the Orb.
     0 | D:1      | Reached XP level 1. HP: 21/21 MP: 1/1
   268 | D:1      | Reached XP level 2. HP: 20/28 MP: 2/2
   507 | D:1      | Reached XP level 3. HP: 31/34 MP: 3/3
  1072 | D:2      | You fall through a shaft for 2 floors!
  1145 | D:4      | Reached XP level 4. HP: 38/42 MP: 4/4
  1446 | D:4      | Reached XP level 5. HP: 49/49 MP: 5/5
  1472 | D:4      | Found a shattered altar of Ashenzari.
  1498 | D:4      | Found an opulent altar of Gozag.
  1510 | D:3      | Noticed Cress's ghost (amateur MiBe)
  1962 | D:2      | Found a white marble altar of Elyvilon.
  2012 | D:2      | Reached skill level 5 in Dodging
  2414 | D:3      | Gained mutation: You are partially covered in iridescent scales (AC +4). [potion of mutation]
  2414 | D:3      | Gained mutation: Your magical capacity is low (-10% MP). [potion of mutation]
  2414 | D:3      | Gained mutation: You have sharp fingernails. [potion of mutation]
  2442 | D:3      | Killed Cress's ghost
  2442 | D:3      | Reached XP level 6. HP: 32/56 MP: 5/5
  2903 | D:3      | Found a faded altar to an unknown god.
  3327 | D:4      | Found a basalt altar of Yredelemnul.
  3679 | D:4      | Found a glowing silver altar of Zin.
  3693 | D:4      | Found a sacrificial altar of Ru.
  3693 | D:4      | Found a glowing golden altar of the Shining One.
  3771 | D:5      | Entered Level 5 of the Dungeon
  3821 | D:5      | Found a staircase to the Ecumenical Temple.
  3829 | D:5      | Gained mutation: You have a pair of small antennae on your head. [potion of mutation]
  3829 | D:5      | Gained mutation: You are partially covered in icy blue scales (AC +1). [potion of mutation]
  3830 | D:5      | Gained mutation: You are somewhat resistant to further mutation. [potion of mutation]
  3836 | Temple   | Entered the Ecumenical Temple
  3878 | D:5      | Noticed an ice beast
  3979 | D:5      | Reached XP level 7. HP: 61/62 MP: 6/6
  4237 | D:5      | Found a stormy altar of Qazlal.
  4499 | D:6      | Reached XP level 8. HP: 59/69 MP: 7/7
  4653 | D:6      | Reached skill level 1 in Spellcasting
  4901 | D:6      | Gained mutation: Your muscles are strong. (Str +2) [mutagenic meat]
  5671 | D:7      | Reached skill level 5 in Spellcasting
  5789 | D:7      | Reached XP level 9. HP: 51/75 MP: 14/14
  5868 | D:7      | Reached skill level 5 in Stealth
  6440 | D:7      | Reached skill level 1 in Armour
  6798 | D:6      | Found a snail-covered altar of Cheibriados.
  6806 | D:6      | Became a worshipper of Cheibriados the Contemplative
  6806 | D:6      | Reached * piety under Cheibriados
  6806 | D:6      | Reached ** piety under Cheibriados
  6981 | D:8      | Reached skill level 5 in Fighting
  6989 | D:8      | Reached skill level 1 in Invocations
  7033 | D:8      | Noticed Maurice
  7041 | D:8      | Killed Maurice
  7041 | D:8      | Reached skill level 2 in Invocations
  7092 | D:8      | Reached skill level 3 in Invocations
  7562 | D:8      | Reached skill level 4 in Invocations
  7589 | D:8      | Reached XP level 10. HP: 52/88 MP: 15/15
  7814 | D:8      | Found a sparkling altar of Nemelex Xobeh.
  7974 | D:9      | Reached skill level 5 in Invocations
  8076 | D:9      | Reached *** piety under Cheibriados
  8246 | D:9      | Found a blossoming altar of Fedhas.
  8322 | D:9      | Found a burning altar of Makhleb.
  8328 | D:9      | Reached **** piety under Cheibriados
  8328 | D:9      | Reached skill level 6 in Invocations
  8431 | D:10     | Entered Level 10 of the Dungeon
  8431 | D:10     | Noticed Psyche
  8529 | D:10     | Reached skill level 7 in Invocations
  8724 | D:10     | Found a portal to a secret trove of treasure.
  8724 | D:10     | Noticed a vault guard
  8741 | D:10     | Killed a vault guard
  8741 | D:10     | Reached skill level 8 in Invocations
  8783 | D:10     | Killed Psyche
  8783 | D:10     | Reached skill level 9 in Invocations
  9118 | D:10     | Noticed Sonja
  9126 | D:10     | Reached ***** piety under Cheibriados
  9155 | D:10     | Noticed a hill giant
  9156 | D:10     | Reached skill level 10 in Invocations
  9170 | D:10     | Killed a hill giant
  9170 | D:10     | Reached XP level 11. HP: 79/94 MP: 11/17
  9170 | D:10     | Killed Sonja
  9170 | D:10     | Reached skill level 11 in Invocations
  9187 | D:10     | Found a staircase to the Lair.
  9328 | D:10     | Noticed Fannar
  9362 | D:10     | Killed Fannar
  9681 | D:10     | Noticed Maud
  9688 | D:10     | HP: 7/141 [Maud/eveningstar of freezing (6)]
  9689 | D:10     | Noticed Maud
  9689 | D:10     | Maud changed into Maud the entropy weaver
  9690 | D:10     | Slain by Maud the entropy weaver

Vault maps used:
D:1:      sevenhm_arrival_forest_fort_small_3, hangedman_decor_slide_cut
D:2:      elyvilon_altar_4
D:3:      ecumenical_altar_1, first_bread
D:4:      zin_statuary, gammafunk_temple_overflow_pools,
          nicolae_ashenzari_panopticon, kennysheep_mini,
          overflow_temple_1_default
D:5:      grunt_qazlal_clouds, minmay_temple_entry_butterflies
D:6:      nicolae_overflow_hidden_temple
D:7:      the_bakery
D:8:      lemuel_round_altar, uniq_maurice
D:9:      marbit_many_paths, kennysheep_mini_moat, roderic_batcave
D:10:     grunt_lair_entry_orc_guard_hut, enter_trove_5, uniq_sonja,
          uniq_psyche, uniq_maud, uniq_fannar
Temple:   temple_eino_lava_8

Skill      XL: |  1  2  3  4  5  6  7  8  9 10 11 |
---------------+----------------------------------+-----
Dodging        | 3 4 5 6 7 8 |  8.6
Spellcasting   | 5 |  5.0
Stealth        | 4 7 |  7.1
Armour         | 3 4 |  4.0
Fighting       | 5 |  5.0
Invocations    | 4 10 11 | 11.2
Unarmed Combat | |  4.0

Action                   |  1- 3 |  4- 6 |  7- 9 | 10-12 || total
-------------------------+-------+-------+-------+-------++-------
Melee: Unarmed           |    87 |    64 |       |       ||   151
       Punch             |     3 |     5 |     4 |     6 ||    18
       Whip              |       |   152 |   310 |   266 ||   728
Invok: Slouch            |       |       |       |     5 ||     5
       Bend Time         |       |       |       |     1 ||     1
 Abil: Spit Poison       |       |       |       |     1 ||     1
Evoke: Wand              |       |       |       |     1 ||     1
  Use: Potion            |       |     6 |       |     2 ||     8
       Scroll            |       |     1 |       |    12 ||    13
 Stab: Sleeping          |     5 |     9 |    11 |    10 ||    35
       Distracted        |       |     1 |       |     1 ||     2
  Eat: Chunk             |       |     8 |    19 |     5 ||    32
Armor: Robe              |    19 |    69 |   112 |    87 ||   287
       Skin              |       |       |       |     3 ||     3
Dodge: Dodged            |    39 |   137 |   258 |   271 ||   705
